Map: Emerald City LE

Players

Throwfordays

  • Race: Protoss Protoss
  • League: Silver
  • Spawn Location: 5:00

Faust

  • Race: Zerg Zerg
  • League: Diamond
  • Spawn Location: 5:00

Bug

  • Race: Protoss Protoss
  • Spawn Location: 11:00

Adikar

  • Race: Protoss Protoss
  • League: Platinum
  • Spawn Location: 11:00

VOD

Have the link to the VOD?

Description

Time

  • Played on: Feb. 10, 2019, 11:26 p.m.
  • Length: 15:07
Show
View Real Time Build Order
Export as new Build Order

Throwfordays Protoss 

Build Orders: Double Forge 

Get SALT Encoding   

  12  0:00  Probe  
  13  0:12  Probe  
  14  0:18  Pylon  
  14  0:25  Probe  
  15  0:36  Gateway  
  15  0:38  Probe  
  16  0:44  Assimilator  
  16  0:50  Probe  
  17  1:00  Pylon  
  17  1:03  Probe  
  18  1:15  Probe  
  19  1:23  Cybernetics Core  
  19  1:27  Probe  
  19  1:31  Forge  
  20  1:39  Warp Gate  
  20  1:42  Forge  
  20  1:50  Pylon  
  20  2:05  Assimilator  
  20  2:14  Gateway  
  20  2:18  Gateway  
  20  2:25  Pylon  
  20  2:28  Probe  
  21  2:41  Probe  
  22  2:53  Probe  
  22  2:56  Protoss Ground Weapons Level 1  
  23  3:02  Protoss Ground Armor Level 1  
  23  3:03  Nexus  
  23  3:28  Pylon  
  23  3:36  Stalker  
  23  3:40  Stalker  
  27  3:48  Stalker  
  29  4:10  Gateway, Probe  
  29  4:11  Probe  
  31  4:18  Probe  
  31  4:19  Probe  
  33  4:27  Probe  
  33  4:29  Probe  
  35  4:39  Probe  
  35  4:41  Probe  
  37  4:51  Probe  
  38  4:53  Probe  
  39  5:05  Probe  
  40  5:12  Twilight Council  
  40  5:13  Stalker  
  40  5:14  Stalker x3  
  44  5:15  Probe  
  49  5:23  Probe  
  50  5:32  Probe  
  46  5:37  Stalker x2  
  46  5:38  Stalker  
  46  5:44  Probe x2  
  48  5:52  Probe  
  48  5:56  Probe  
  50  6:01  Probe  
  51  6:12  Photon Cannon  
  51  6:13  Probe  
  51  6:15  Photon Cannon  
  52  6:20  Photon Cannon  
  52  6:22  Pylon  
  44  6:26  Probe  
  42  6:38  Probe  
  43  6:42  Probe  
  44  6:49  Pylon  
  44  6:50  Probe  
  45  6:54  Probe  
  45  6:56  Pylon  
  46  7:02  Probe  
  46  7:04  Probe  
  48  7:12  Probe  
  48  7:14  Probe  
  49  7:16  Photon Cannon  
  49  7:20  Probe  
  50  7:23  Photon Cannon  
  50  7:26  Probe  
  52  7:32  Probe  
  52  7:44  Probe  
  53  7:57  Stalker, Probe  
  53  7:58  Stalker x2  
  60  8:01  Protoss Ground Weapons Level 2  
  60  8:02  Protoss Ground Armor Level 2  
  60  8:04  Photon Cannon  
  60  8:06  Photon Cannon  
  60  8:09  Probe  
  60  8:10  Photon Cannon  
  61  8:21  Probe  
  61  8:24  Assimilator  
  61  8:27  Assimilator  
  62  8:33  Probe  
  63  8:41  Stalker  
  63  8:42  Stalker  
  63  8:45  Probe  
  63  8:46  Stalker  
  70  8:57  Probe  
  71  9:09  Probe  
  72  9:11  Blink  
  72  9:18  Pylon  
  72  9:19  Nexus  
  72  9:21  Probe  
  72  9:23  Assimilator  
  73  9:26  Assimilator  
  73  9:43  Probe  
  74  9:48  Stalker x3  
  80  9:55  Probe  
  59  10:39  Protoss Ground Weapons Level 3  
  59  10:41  Protoss Ground Armor Level 3  
  53  10:46  Stalker x3  
  53  10:58  Probe  
  50  11:10  Probe  
  51  11:15  Gateway, Probe  
  51  11:16  Gateway  
  51  11:18  Gateway, Stalker x3  
  56  11:22  Probe  
  59  11:27  Probe  
  58  11:34  Probe  
  48  11:42  Stalker x2  
  48  11:43  Stalker  
  48  11:46  Probe  
  50  12:11  Stalker x2  
  50  12:12  Stalker x3  
  54  12:32  Stalker  
  56  12:42  Pylon  
  56  12:45  Pylon  
  56  12:52  Probe  
  56  12:54  Nexus  
  57  13:04  Probe  
  56  13:07  Charge  
  54  13:14  Zealot x6  
  54  13:16  Probe  
  67  13:23  Robotics Facility  
  60  13:31  Robotics Facility  
  49  13:34  Robotics Facility  
  49  13:35  Zealot  
  49  13:36  Zealot x5  
Show
View Real Time Build Order
Export as new Build Order

Faust Zerg 

Build Orders: Pool First 

Get SALT Encoding   

  12  0:01  Drone  
  13  0:08  Drone  
  14  0:17  Extractor  
  14  0:18  Drone  
  15  0:22  Overlord  
  15  0:41  Extractor  
  14  0:44  Spawning Pool  
  14  0:45  Drone  
  15  0:50  Drone  
  15  0:53  Drone  
  16  1:08  Drone  
  17  1:25  Hatchery  
  16  1:31  Zergling x6  
  19  1:43  Metabolic Boost  
  19  2:02  Overlord  
  19  2:09  Drone x2  
  21  2:19  Drone  
  21  2:20  Queen  
  24  2:36  Hatchery  
  22  2:51  Drone x4  
  22  2:52  Drone  
  22  2:56  Roach Warren  
  24  3:03  Queen  
  26  3:10  Drone x2  
  28  3:15  Drone  
  29  3:26  Overlord  
  28  3:37  Zergling x12  
  33  3:45  Zergling x4  
  31  3:54  Spine Crawler  
  28  4:01  Drone x2  
  30  4:07  Drone x2  
  32  4:16  Drone x3  
  33  4:30  Drone x3  
  33  4:31  Drone  
  37  4:32  Drone  
  39  4:53  Roach x5  
  39  4:56  Drone  
  39  4:58  Drone  
  49  5:01  Overlord  
  49  5:12  Evolution Chamber  
  48  5:14  Lair  
  48  5:26  Drone x6  
  48  5:27  Drone  
  48  5:28  Drone  
  56  5:30  Drone  
  57  5:36  Spore Crawler  
  57  5:38  Spore Crawler  
  57  5:42  Spore Crawler, Drone  
  56  5:46  Drone x2  
  57  5:51  Overlord  
  57  5:53  Overlord  
  57  6:02  Queen  
  55  6:07  Drone x2  
  49  6:34  Zergling x2  
  49  6:35  Zergling x32  
  66  6:48  Zerg Missile Weapons Level 1, Hydralisk Den  
  66  6:50  Drone x3  
  68  7:02  Drone x4  
  68  7:03  Drone  
  73  7:18  Extractor, Overlord x2  
  73  7:19  Overlord x2  
  72  7:30  Extractor  
  72  7:33  Extractor  
  68  7:47  Drone x3  
  68  7:48  Drone x4  
  68  7:49  Drone x5, Overlord  
  80  7:54  Extractor  
  79  7:58  Extractor, Hydralisk x2  
  79  7:59  Hydralisk x2  
  79  8:04  Drone x3  
  89  8:17  Muscular Augments  
  89  8:23  Drone x3  
  89  8:24  Drone x3  
  95  8:52  Overseer  
  95  8:57  Hydralisk x5  
  95  9:01  Overlord  
  95  9:02  Overlord x2  
  105  9:04  Overlord  
  105  9:05  Overlord x2  
  105  9:08  Zerg Missile Weapons Level 2  
  105  9:09  Glial Reconstitution  
  105  9:14  Spire  
  104  9:28  Grooved Spines  
  104  9:42  Drone, Hydralisk  
  104  9:43  Hydralisk x9  
  125  9:59  Drone  
  127  10:00  Baneling Nest, Drone x5  
  104  10:27  Corruptor  
  104  10:28  Corruptor x5  
  96  10:34  Corruptor  
  107  10:50  Corruptor  
  107  10:51  Lurker Den, Corruptor  
  107  10:56  Zergling x2  
  107  10:57  Zergling x10  
  115  11:10  Corruptor x3  
  121  11:17  Zergling x8  
  121  11:18  Zergling x12  
  131  11:31  Infestation Pit  
  130  11:41  Baneling  
  130  11:42  Baneling x14  
  130  11:43  Baneling x2  
  130  11:44  Baneling  
  130  11:45  Zergling x8  
  130  11:46  Zergling x16  
  138  12:08  Corruptor x4  
  142  12:32  Baneling  
  142  12:33  Baneling x15  
  142  12:42  Hive  
  90  13:05  Zergling x2  
  90  13:06  Zergling x42  
  90  13:07  Zergling x8  
  115  13:39  Zergling x2  
  115  13:40  Zergling x26  
  129  13:53  Evolution Chamber  
Show
View Real Time Build Order
Export as new Build Order

Bug Protoss 

Build Orders: 1 Gate Expand 

Get SALT Encoding   

  12  0:01  Probe  
  13  0:13  Probe  
  14  0:27  Probe  
  15  0:28  Pylon  
  15  0:46  Probe  
  15  0:47  Gateway  
  16  0:58  Probe  
  16  0:59  Assimilator  
  17  1:11  Probe  
  18  1:23  Probe  
  19  1:35  Probe  
  19  1:36  Cybernetics Core  
  20  1:42  Nexus  
  20  1:47  Probe  
  21  1:56  Zealot  
  23  2:02  Pylon  
  23  2:12  Warp Gate  
  23  2:22  Adept  
  25  2:46  Adept  
  25  2:51  Assimilator  
  25  2:55  Twilight Council  
  27  3:04  Probe  
  27  3:05  Probe  
  29  3:16  Probe  
  29  3:17  Probe  
  29  3:19  Robotics Facility  
  31  3:27  Probe x2  
  31  3:28  Adept  
  35  3:35  Probe x2  
  35  3:40  Resonating Glaives  
  37  3:43  Probe x2  
  39  3:51  Forge  
  39  3:55  Probe x2  
  40  3:59  Protoss Ground Weapons Level 1  
  41  4:04  Assimilator  
  41  4:05  Probe x2  
  41  4:07  Assimilator  
  43  4:13  Probe  
  43  4:14  Probe  
  43  4:22  Pylon  
  45  4:37  Probe  
  46  4:40  Probe  
  46  4:44  Pylon  
  47  4:46  Pylon  
  47  4:48  Immortal  
  47  4:49  Probe  
  47  4:52  Probe  
  53  5:01  Probe  
  53  5:04  Probe  
  53  5:05  Robotics Bay  
  55  5:12  Adept  
  55  5:13  Probe  
  58  5:16  Probe  
  58  5:20  Charge  
  58  5:21  Gateway  
  59  5:23  Gateway  
  59  5:25  Probe  
  60  5:29  Probe, Immortal  
  60  5:33  Adept  
  67  5:53  Extended Thermal Lance  
  67  6:03  Pylon  
  67  6:05  Pylon  
  67  6:36  Immortal  
  71  7:00  Nexus  
  71  7:02  Pylon  
  71  7:04  Pylon  
  71  7:06  Pylon  
  71  7:08  Pylon, Zealot x3  
  73  7:10  Assimilator  
  77  7:16  Assimilator, Immortal  
  81  7:27  Shield Battery  
  81  7:28  Shield Battery  
  81  7:30  Shield Battery  
  81  7:32  Shield Battery  
  81  7:40  Protoss Ground Weapons Level 2  
  81  8:00  Probe x2  
  81  8:01  Photon Cannon  
  81  8:02  Photon Cannon  
  81  8:04  Colossus  
  83  8:12  Probe x2  
  91  8:20  Zealot x3  
  91  8:24  Probe x2  
  99  8:32  Robotics Facility  
  99  8:50  Colossus  
  99  8:53  Pylon  
  105  9:04  Templar Archives  
  105  9:17  Photon Cannon  
  105  9:18  Gateway  
  105  9:39  Colossus  
  105  9:42  Immortal  
  105  9:44  Probe  
  115  9:47  Probe x2  
  115  9:52  Probe  
  118  9:59  Protoss Ground Armor Level 1, Probe x2  
  121  10:01  Probe  
  122  10:11  Probe x2  
  114  10:34  Zealot x4  
  120  10:38  Immortal  
  124  10:46  Pylon  
  124  10:48  Pylon  
  124  10:50  Gateway  
  124  10:52  Gateway x2  
  124  10:55  Gateway  
  124  10:56  Zealot x4  
  132  11:08  Colossus, Immortal  
  142  11:40  Zealot x3  
  142  11:41  Zealot  
  150  11:47  Immortal  
  154  12:01  Protoss Ground Armor Level 2  
  154  12:12  Stalker  
  156  12:15  Colossus  
  144  12:30  Stalker x2  
  144  12:31  Stalker x4  
  156  12:49  Pylon  
  156  12:51  Pylon  
  156  12:54  Pylon  
  156  12:56  Pylon  
  146  13:00  Pylon  
  142  13:10  Immortal  
  144  13:17  Colossus  
  150  13:27  High Templar x3  
  150  13:28  High Templar x5  
  150  13:32  Archon x3  
  150  13:34  Archon  
  166  13:49  Immortal  
  170  14:11  Colossus  
  176  14:19  High Templar  
  176  14:20  High Templar x5  
  176  14:21  High Templar x2  
  192  14:24  Archon x3  
  192  14:25  Archon  
Show
View Real Time Build Order
Export as new Build Order

Adikar Protoss 

Build Orders:  

Get SALT Encoding   

  12  0:02  Probe  
  13  0:14  Probe  
  14  0:23  Pylon  
  14  0:26  Probe  
  15  0:40  Probe  
  16  0:44  Gateway  
  16  0:48  Assimilator, Probe  
  17  1:03  Gateway  
  17  1:10  Probe  
  18  1:22  Probe  
  19  1:31  Cybernetics Core  
  19  1:40  Pylon  
  19  2:05  Warp Gate  
  19  2:08  Adept  
  19  2:14  Adept  
  22  2:18  Probe  
  22  2:21  Pylon  
  23  2:23  Assimilator  
  23  2:30  Probe  
  24  2:58  Adept  
  24  2:59  Adept  
  24  3:05  Stargate  
  28  3:13  Probe  
  29  3:21  Probe  
  29  3:22  Pylon  
  30  3:30  Probe  
  27  4:04  Adept  
  27  4:05  Adept  
  27  4:09  Oracle  
  34  4:21  Nexus, Pylon  
  34  4:36  Twilight Council  
  34  4:38  Probe  
  35  4:50  Probe  
  36  4:54  Oracle  
  39  5:02  Probe  
  40  5:14  Probe  
  41  5:26  Probe  
  42  5:38  Probe  
  43  5:49  Probe  
  41  5:50  Probe  
  41  5:55  Resonating Glaives  
  42  6:02  Probe  
  42  6:03  Probe  
  44  6:13  Oracle  
  45  6:26  Stalker x2  
  47  6:40  Probe x2  
  47  6:42  Assimilator  
  49  6:47  Assimilator  
  49  6:52  Pylon, Probe  
  50  6:57  Gateway x2  
  50  6:59  Pylon  
  50  7:00  Probe  
  51  7:02  Robotics Facility  
  51  7:04  Probe  
  52  7:20  Stalker  
  52  7:21  Stalker  
  53  7:56  Immortal  
  57  8:01  Adept x4  
  65  8:07  Stargate  
  65  8:10  Fleet Beacon  
  65  8:18  Probe x2  
  67  8:26  Pylon  
  67  8:29  Pylon  
  67  8:30  Probe x2  
  67  8:31  Pylon  
  69  8:34  Pylon  
  69  8:40  Adept x4  
  77  8:47  Pylon  
  77  8:54  Tempest x2  
  87  9:08  Probe x2  
  89  9:32  Tempest  
  89  9:33  Tempest  
  89  9:34  Immortal  
  89  9:36  Adept x2  
  89  9:37  Adept x2  
  108  9:47  Gateway  
  108  9:48  Gateway  
  108  9:50  Gateway  
  108  9:53  Gateway  
  108  9:55  Gateway  
  108  9:57  Gateway  
  108  10:06  Nexus  
  106  10:14  Adept  
  106  10:15  Adept x3  
  98  11:02  Adept x2  
  98  11:03  Adept x6  
  98  11:04  Adept x2  
  118  11:18  Tempest x2, Immortal  
  132  11:19  Probe  
  133  11:31  Probe  
  117  12:02  Blink  
  117  12:07  Stalker x4  
  117  12:08  Stalker x4  
  113  12:09  Stalker x2  
  122  12:36  Forge  
  122  12:37  Forge  
  122  12:39  Tempest  
  122  12:41  Tempest  
  94  13:11  Probe x2  
  94  13:14  Probe  
  94  13:19  Probe x2  
  97  13:26  Probe  
  100  13:39  Tempest  
  100  13:40  Tempest  
  110  14:16  Zealot  
  112  14:20  Zealot  
  112  14:22  Tempest, Zealot  
  121  14:28  Stalker x2  
Tags
 
Add a new tag
Caveats
  • Supply blocks, unpowered buildings, or Contaminate may cause inaccurate times.
  • Supply counts are checked every 10 seconds.